 Dungeon Crawl Stone Soup version 0.29.1-1-gd02db69 (webtiles) character file.

Game seed: 1791939275503777945

14 Timinator the Insei (level 2, 0/23 HPs)
             Began as a Demigod Transmuter on Dec 19, 2022.
             Slain by a jackal (2 damage)
             ... on level 1 of the Dungeon.
             The game lasted 00:02:01 (620 turns).

Timinator the Insei (Demigod Transmuter)             Turns: 620, Time: 00:02:01

Health: 0/23       AC:  2    Str: 11    XL:     2   Next: 15%
Magic:  5/7        EV: 12    Int: 15    God:
Gold:   41         SH:  0    Dex: 14    Spells: 3/4 levels left

rFire   . . .      SeeInvis .     - Unarmed
rCold   . . .      Faith    .   (no shield)
rNeg    . . .      Spirit   .   a - +0 robe
rPois   .          Reflect  .   (helmet currently unavailable)
rElec   .          Harm     .   (no cloak)
rCorr   .          Rampage  .   (no gloves)
Will    .....                   (boots currently unavailable)
Stlth   +.........              (no amulet)
HPRegen 0.07/turn               (no ring)
MPRegen 0.10/turn               (no ring)

@: lethally poisoned (0 -> -5), appendages
A: horns 2, talons 2, high MP 1, forlorn, divine attributes
a: End Transformation


You were on level 1 of the Dungeon.
You had temporarily grown beastly horns and talons.
You visited 1 branch of the dungeon, and saw 1 of its levels.

You collected 41 gold pieces.

Inventory:

Armour
 a - a +0 robe (worn)
Scrolls
 d - 2 scrolls of identify {unknown}
Potions
 b - a potion of lignification
 c - a potion of degeneration {unknown}
 e - a potion of might {unknown}


   Skills:
 * Level 1.0 Fighting
 * Level 0.2 Armour
 * Level 1.9 Dodging
 + Level 3.0 Unarmed Combat
 + Level 1.9 Spellcasting
 * Level 2.0 Transmutations


You had 3 spell levels left.
You knew the following spells:

 Your Spells              Type           Power      Damage    Failure   Level
a - Beastly Appendage     Tmut           14%        N/A       10%         1

Your spell library contained the following spells:

 Spells                   Type           Power      Damage    Failure   Level
 Wereblood                Tmut           7%         N/A       16%         2
 Spider Form              Tmut/Pois      4%         N/A       41%         3
 Ice Form                 Ice/Tmut       4%         N/A       83%         4


Dungeon Overview and Level Annotations

Branches:
Dungeon (1/15)


Innate Abilities, Weirdness & Mutations

You have temporarily grown beastly horns and talons.
You have an increased reservoir of magic. (+10% MP)
You shall have no god before yourself.
Your divine heritage dramatically boosts your attributes as you level up.


Message History

The hobgoblin is almost dead.
A bat comes into view.
You hit the hobgoblin.
You kill the hobgoblin!
Your horns disappear.
Your talons disappear.
Your Fighting skill increases to level 1!
You hit the ball python.
The ball python is moderately wounded.
The ball python barely misses you. The ball python misses you.
You closely miss the ball python.
The ball python is moderately wounded.
The ball python bites you. The ball python grabs you.
The ball python constricts you. The ball python bites you.
The ball python constricts you.
You hit the ball python.
You kill the ball python!
Your Unarmed Combat skill increases to level 3!
Casting: Beastly Appendage (safe; 10% risk of failure)
Confirm with . or Enter, or press ? or * to list all spells.
You grow a pair of large bovine horns.
Your feet morph into talons.
The goblin hits you with a +2 dagger of venom.
You are lethally poisoned!
You closely miss the goblin. You headbutt the goblin.
You kill the goblin!
You feel very sick.
Your Transmutations skill increases to level 2!
You barely miss the jackal.
* * * LOW HITPOINT WARNING * * *
You feel sick.
The jackal bites you but does no damage.
You hit the jackal. You claw the jackal.
The jackal is almost dead.
* * * LOW HITPOINT WARNING * * *
You feel sick. The jackal bites you.
* * * LOW HITPOINT WARNING * * *
You closely miss the jackal.
The jackal is almost dead.
* * * LOW HITPOINT WARNING * * *
You feel sick. The jackal completely misses you. The jackal bites you.
You die...

#.# #.# #.## ##
#? #.# #.#
##.###. #. #.#
#.# ##.#.# ###.
#.# #.# ##.##
... ..# #)# #.#
.. #.# #.# #.
#.# #.#
#.#######)# #..
#.###..lbh@...#
###
#......########
#.##.....#
.........#
...h...S.#
#...>....l
##.........
#...h.....
#..........


You could see a jackal, a bat and a frilled lizard.

Vanquished Creatures
  A bat (D:1)
  3 goblins (D:1)
  A hobgoblin (D:1)
  A jackal (D:1)
  4 ball pythons (D:1)
  A frilled lizard (D:1)
  A kobold (D:1)
12 creatures vanquished.

Notes
Turn   | Place    | Note
-------+----------+-------------------------------------------
     0 | D:1      | Timinator the Demigod Transmuter began the quest for the
                  | Orb.
     0 | D:1      | Reached XP level 1. HP: 15/15 MP: 5/5
   607 | D:1      | Reached XP level 2. HP: 12/22 MP: 5/7
   613 | D:1      | Reached skill level 1 in Fighting
   616 | D:1      | Reached skill level 3 in Unarmed Combat
   620 | D:1      | Slain by a jackal

Illustrated notes

Levels and vault maps discovered:
D:1:      amcnicky_arrival_gap_in_the_tavern_cellar, layout_loops_ring,
          hellmonk_ecumenical_altar_leap_of_faith

Skill      XL: |  1  2 |
---------------+-------+-----
Fighting       | 1 |  1.0
Unarmed Combat | 3 |  3.0
Transmutations | 2 |  2.0
Armour         | |  0.2
Dodging        | |  1.9
Spellcasting   | |  1.9

Action                   || total
-------------------------++-------
Melee: Unarmed           ||    45
       Kick              ||     6
       Headbutt          ||     4
 Cast: Beastly Appendage ||     8
 Stab: Sleeping          ||     1
Armor: Robe              ||     7
Dodge: Dodged            ||    24
